 Dungeon Crawl Stone Soup version 0.31.0-12-g77e489cdc1 (webtiles) character file.

Game seed: 13885696759665279012

973 biozard the Skirmisher (level 7, -1/33 HPs)
             Began as a Spriggan Hunter on Feb 19, 2024.
             Was an Initiate of Gozag.
             Slain by a hell rat (18 damage)
             ... on level 6 of the Dungeon.
             The game lasted 00:14:07 (6234 turns).

biozard the Skirmisher (Spriggan Hunter)            Turns: 6234, Time: 00:14:10

Health: -1/33      AC:  2    Str:  7    XL:     7   Next: 94%
Magic:  8/8        EV: 19    Int: 11    God:    Gozag
Gold:   481        SH:  0    Dex: 20    Spells: 6/6 levels left

rFire   . . .        a - +0 shortbow
rCold   . . .        (shield currently unavailable)
rNeg    . . .        c - +0 robe
rPois   .            (helmet restricted)
rElec   .            (no cloak)
rCorr   .            (gloves unavailable)
SInv    +            (boots unavailable)
Will    +....        (no amulet)
Stlth   +++          (no ring)
HPRegen 0.25/turn    (no ring)
MPRegen 0.11/turn

%: no passive effects
@: very quick
A: very small, no large weapons, unfitting armour, see invisible, speed 3
a: Renounce Religion, Potion Petition, Call Merchant, Bribe Branch


You were on level 6 of the Dungeon.
You worshipped Gozag.
Gozag was aware of your devotion.
You visited 2 branches of the dungeon, and saw 7 of its levels.
You also visited: Sewer.

You collected 546 gold pieces.
You paid 65 gold pieces to Gozag.

Inventory:

Hand Weapons
 a - a +0 shortbow (weapon)
Armour
 c - a +0 robe (worn)
Wands
 x - a wand of paralysis (11)
 y - a wand of digging (6)
Scrolls
 b - a scroll of butterflies
 e - 3 scrolls of identify {unknown}
 g - a scroll of enchant weapon {unknown}
 h - 2 scrolls of fog {unknown}
 i - 2 scrolls of blinking {unknown}
 k - a scroll of torment {unknown}
 l - a scroll of enchant armour {unknown}
 m - 5 scrolls of teleportation
 q - a scroll of immolation {unknown}
 r - a scroll of acquirement {unknown}
 t - a scroll of summoning {unknown}
Potions
 d - 2 potions of degeneration {unknown}
 f - a potion of berserk rage {unknown}
 j - a potion of curing {unknown}
 n - 2 potions of heal wounds {unknown}
 o - 3 potions of lignification {unknown}
 p - a potion of haste {unknown}
 s - 2 potions of cancellation {unknown}
 u - a potion of invisibility {unknown}
 v - 2 potions of magic {unknown}
 w - a potion of mutation {unknown}
 z - 2 potions of enlightenment {unknown}
 A - a potion of brilliance {unknown}


   Skills:
 - Level 1.5 Fighting
 + Level 9.5 Ranged Weapons
 + Level 4.1 Dodging
 * Level 3.5 Stealth


You had 6 spell levels left.
You didn't know any spells.
Your spell library contained the following spells:

 Spells                   Type           Power      Damage    Failure   Level
 Apportation              Tloc           0%         N/A       34%         1
 Magic Dart               Conj           0%         1d3       34%         1
 Blink                    Tloc           0%         N/A       47%         2
 Call Imp                 Summ           0%         N/A       47%         2
 Jinxbite                 Hex            0%         N/A       47%         2
 Dazzling Flash           Conj/Hex       0%         N/A       71%         3
 Gell's Gravitas          Tloc           0%         N/A       71%         3
 Teleport Other           Tloc           0%         N/A       71%         3
 Volatile Blastmotes      Fire/Tloc      0%         2d10      71%         3
 Alistair's Intoxication  Alch           0%         N/A       100%        5
 Dispersal                Tloc           0%         N/A       100%        6
 Starburst                Conj/Fire      0%         6d3       100%        6
 Maxwell's Capacitive Co  Air            0%         ∞         100%        8


Dungeon Overview and Level Annotations

Branches:
Dungeon (6/15)             Temple (1/1) D:4           Sewer (visited)

Altars:
Cheibriados
Dithmenos
Gozag
Hepliaklqana
Kikubaaqudgha
Makhleb
Nemelex Xobeh
Okawaru
Qazlal
Ru
Sif Muna
Trog
Uskayaw
Vehumet
Wu Jian
Xom
Yredelemnul
Zin
The Shining One

Shops:
D:6 (


Innate Abilities, Weirdness & Mutations

You are very small and have problems with some larger weapons.
You are too small for most types of armour.
You have supernaturally acute eyesight. (SInv)
You cover ground extremely quickly. (Speed+++)


Message History

The adder hisses angrily.
The adder is heavily wounded.
No target in view!
No target in view!
No target in view!
No target in view!
No target in view!
An adder is nearby!
An adder is nearby!
You shoot an arrow. The arrow hits the adder!
You kill the adder!
No target in view!
No target in view!
No target in view!
No target in view!
No target in view!
You open the door.
Found a scroll labelled XOODWU UGOIGH.
There is an open door here.
You see here a scroll labelled XOODWU UGOIGH.
You see here 8 gold pieces.
You see here Golubria's Monograph on Places.
There is an open door here.
A hell rat is nearby!
You shoot an arrow. The arrow closely misses the hell rat.
The hell rat roars deafeningly!
You shoot an arrow. The arrow barely misses the hell rat.
You shoot an arrow.
The arrow hits the hell rat but does no damage.
You shoot an arrow. The arrow hits the hell rat!
The hell rat is heavily wounded.
You shoot an arrow. The arrow barely misses the hell rat.
The hell rat bites you!
You shoot an arrow.
The arrow hits the hell rat but does no damage.
The hell rat is heavily wounded.
The hell rat bites you!!
Ouch! That really hurt!
You die...
Your body crumbles into a pile of gold.

#.###.#######.#
##.##...#.r.##
#.###....# #.# #..#
#....r$. #...##$..#
#.####..##########
###.##...#
#...####.##
####.##...# ###.#
#..# #....###'## #.#
##.### ###.#### #..#
#.#####...# ....#
##.######.......#.##
#####
#.....@.....#.....#
##.#
#######r..#.#.....#
...# #....#.#####.#
...# #.#.##.#...#.#
####
#.#..#.#.#.#.####
#....#.....#...(#
###......###.##.#
#########
#.###..#...?.(#
#..?....# ###.#
#....#....#


You could see a hell rat.

Vanquished Creatures
  Sigmund (D:3)
  A water moccasin (D:6)
  2 brain worms (Sewer)
  A bullfrog (D:6)
  2 hounds
  A bombardier beetle (D:6)
  A jelly (D:5)
  A sleepcap (D:6)
  2 iguanas
  2 orc wizards
  A gnoll (D:1)
  11 adders
  5 river rats
  A dart slug (D:2)
  4 ribbon worms
  8 orcs
  5 endoplasms
  4 giant cockroaches
  3 hobgoblins
  11 jackals
  8 quokkas
  6 ball pythons
  5 bats
  7 frilled lizards
  11 goblins
  5 kobolds
  11 rats
120 creatures vanquished.

Notes
Turn   | Place    | Note
-------+----------+-------------------------------------------
     0 | D:1      | biozard the Spriggan Hunter began the quest for the Orb.
     0 | D:1      | Reached XP level 1. HP: 10/10 MP: 2/2
   124 | D:1      | Reached XP level 2. HP: 14/14 MP: 3/3
   228 | D:1      | Reached skill level 5 in Ranged Weapons
   251 | D:1      | Reached XP level 3. HP: 18/18 MP: 4/4
  1216 | D:2      | Found a faded altar of an unknown god.
  1444 | D:3      | Reached XP level 4. HP: 22/22 MP: 5/5
  2126 | D:3      | Noticed Sigmund
  2166 | D:3      | Killed Sigmund
  2167 | D:3      | Reached skill level 7 in Ranged Weapons
  2167 | D:3      | Reached XP level 5. HP: 14/25 MP: 6/6
  2347 | D:4      | Found a staircase to the Ecumenical Temple.
  2376 | Temple   | Entered the Ecumenical Temple
  2416 | Temple   | Became a worshipper of Gozag Ym Sagoz the Greedy
  2664 | D:4      | Reached XP level 6. HP: 17/30 MP: 7/7
  3237 | D:5      | Entered Level 5 of the Dungeon
  3666 | D:5      | Found a glowing drain.
  3670 | Sewer    | Entered a sewer
  3680 | Sewer    | Reached skill level 8 in Ranged Weapons
  3859 | Sewer    | Reached XP level 7. HP: 33/33 MP: 8/8
  5135 | D:6      | Found Pokorcho's Antique Weapon Boutique.
  5422 | D:6      | Reached skill level 9 in Ranged Weapons
  6234 | D:6      | Slain by a hell rat

Illustrated notes

Levels and vault maps discovered:
D:1:      mushboom_english_gardens, layout_basic, hangedman_feature_mirror
D:2:      layout_loops_ring, shapermc_ecumenical_altar_acropolis,
          minmay_misc_feat_columns
D:3:      layout_loops_corners, grunt_ministairs_15, dk_vineyard_3,
          hangedman_abyss_or_decor_lesser_grid, kennysheep_generic_room_13,
          uniq_sigmund
D:4:      layout_loops_ring, minmay_temple_entry_drinking_statues,
          serial_bayou_pond_d
D:5:      layout_basic, gup_sewer_entry_spiral, minmay_misc_feat_five
D:6:      wander_guarded_unrand_ratskin, layout_basic, serial_shops, shop_statue
Temple:   compressed_dpeg_triangle_lava_temple

Skill      XL: |  1  2  3  4  5  6  7 |
---------------+----------------------+-----
Ranged Weapons | 5 7 8 9 |  9.5
Dodging        | 3 4 |  4.1
Stealth        | 3 |  3.5
Fighting       | |  1.5

Action                     |  1- 3 |  4- 6 |  7- 9 || total
---------------------------+-------+-------+-------++-------
   Fire: Shortbow          |   127 |   169 |   123 ||   419
    Use: Scroll            |       |       |     1 ||     1
 Armour: Robe              |    10 |    14 |    18 ||    42
  Dodge: Dodged            |    33 |    45 |    39 ||   117
